 Dungeon Crawl Stone Soup version 0.31.0-1-g2c135a008e (webtiles) character file.

Game seed: 16420815638165196296

511 qw the Shooter (level 7, -1/53 HPs)
             Began as a Djinni Hunter on Jan 24, 2024.
             Slain by an orc wizard
             ... wielding a +0 dagger
              (3 damage)
             ... on level 4 of the Dungeon.
             The game lasted 00:00:13 (3138 turns).

qw the Shooter (Djinni Hunter)                      Turns: 3138, Time: 00:00:13

Health: -1/53      AC:  5    Str: 10    XL:     7   Next: 43%
Gold:   163        EV: 11    Int: 11    God:
                   SH:  0    Dex: 18

rFire   + + +        a - +0 shortbow
rCold   x . .        (shield currently unavailable)
rNeg    . . .        g - +0 ring mail "Joge" {rF+ Regen+}
rPois   inf          (no helmet)
rElec   .            (no cloak)
rCorr   .            (no gloves)
SInv    +            (boots unavailable)
Will    .....        (no amulet)
Stlth   +            h - ring of see invisible
HPRegen 1.08/turn    (no ring)
MPRegen 0.00/turn

%: infuse magic (-2 HP)
@: flying
A: sickness immunity, fire resistance 2, cold vulnerability 1, float, innate
caster, HP casting, extra vitality 1
a: no special abilities


You were on level 4 of the Dungeon.
You visited 1 branch of the dungeon, and saw 4 of its levels.

You collected 163 gold pieces.


Innate Abilities, Weirdness & Mutations

You are immune to sickness and miasma.
You are immune to poison.
Your flesh is very heat resistant. (rF++)
You are vulnerable to cold. (rC-)
You float through the air rather than walking.
You learn spells naturally, not from books.
Your magical power is your life essence.
You have superior vitality. (+4 MHP)


   Skills:
 - Level 4.3 Fighting
 + Level 5.6 Ranged Weapons
 - Level 1.7 Armour
 - Level 3.0 Dodging
 - Level 0.7 Stealth


You knew the following spells:

 Your Spells              Type           Power      Damage    Failure   Level
a - Sandblast             Erth           0%         2d4       65%         1
b - Blink                 Tloc           0%         N/A       80%         2
c - Searing Ray           Conj           0%         2d4       80%         2
Your spell library was empty.

Inventory:

Hand Weapons
 a - a +0 shortbow (weapon)
Armour
 g - the +0 ring mail "Joge" (worn) {rF+ Regen+}
   (You took it off a hobgoblin on level 2 of the Dungeon)

   rF+:       It protects you from fire.
   Regen+:    It increases your rate of health regeneration.
Jewellery
 h - a ring of see invisible (left hand)
Wands
 k - a wand of charming (6)
Potions
 b - a potion of degeneration {unknown}
 d - a potion of curing
 f - a potion of ambrosia {unknown}
 i - a potion of haste {unknown}
 n - a potion of might

Dungeon Overview and Level Annotations

Branches:
Dungeon (4/15)
 Temple: D:4-7

Altars:

Annotations:
D:2 1 runed translucent door, Crazy Yiuf


Message History

You shoot an arrow. The arrow hits the orc warrior!
The orc warrior is heavily wounded.
The orc wizard hits you with a +0 dagger.
The orc warrior barely misses you.
The orc hits you from afar with a +0 trident.
You shoot an arrow. The arrow hits the orc warrior.
The orc warrior is heavily wounded.
The orc wizard completely misses you. The orc barely misses you.
The orc warrior hits you with a +0 mace.
You shoot an arrow.
The arrow barely misses the orc warrior.
The orc wizard points at you and mumbles some strange words.
The magic dart hits you. The orc barely misses you.
The orc warrior hits you with a +0 mace.
3134 ||| DRINKING potion of heal wounds.
You feel much better.
An orc wizard comes into view. It is wielding a +0 dagger.
The orc wizard hits you but does no damage.
The orc hits you but does no damage.
The orc warrior hits you but does no damage.
You shoot an arrow.
The arrow hits the orc warrior but does no damage.
The orc warrior is heavily wounded.
The orc wizard hits you but does no damage.
The orc barely misses you.
The orc warrior hits you with a +0 mace.
The orc wizard hits you with a +0 dagger.
The orc misses you.
The orc warrior hits you with a +0 mace!
You shoot an arrow. The arrow hits the orc warrior.
The orc warrior is heavily wounded.
The orc wizard misses you.
You shoot an arrow.
The arrow closely misses the orc warrior.
The orc wizard hits you with a +0 dagger.
The orc warrior hits you with a +0 mace!
You shoot an arrow.
The arrow completely misses the orc warrior.
The orc wizard hits you with a +0 dagger.
You die...

.# ... .. ########.#
#. .. #........##
#.# .# ..........#.#
.) #.# ........#....
#o ..
........##.#.##.##.#
....<....#.+.#.oo#.#
.......#...#.. #@o.#
.......##..#..###..#
#####)..#..#..#.#..#
#)#.)..#.......#
#.##.#.###.#.#.#
#..#.#.....#...#
.....#.###...###
######.# ##### ..#


You could see an orc warrior, 2 orc wizards and an orc.

Vanquished Creatures
  Pargi (D:3)
  A hound (D:3)
  An orc priest (D:4)
  A sleepcap (D:4)
  Jessica (D:3)
  Ijyb (D:3)
  Natasha (D:2)
  3 orc wizards
  6 adders
  4 gnolls (D:3)
  3 ribbon worms (D:2)
  6 orcs
  8 ball pythons
  3 bats
  7 endoplasms
  2 giant cockroaches (D:1)
  7 goblins
  9 hobgoblins
  2 jackals (D:1)
  6 kobolds
  2 quokkas (D:1)
  2 frilled lizards (D:2)
  7 rats
84 creatures vanquished.

Notes
Turn   | Place    | Note
-------+----------+-------------------------------------------
     0 | D:1      | qw the Djinni Hunter began the quest for the Orb.
     0 | D:1      | Reached XP level 1. HP: 18/18 MP: 0/0
     0 | D:1      | 0 ||| qw: Version: 0.3-a-136-gdd3b4e8
     0 | D:1      | 0 ||| qw: Game counter: 1203
     0 | D:1      | 0 ||| qw: Melee chars always use a shield: true
     0 | D:1      | 0 ||| qw: God list: Okawaru
     0 | D:1      | 0 ||| qw: Allow faded altars: false
     0 | D:1      | 0 ||| qw: Do Orc after clearing Dungeon:15 true
     0 | D:1      | 0 ||| qw: Do second Lair branch before Depths: true
     0 | D:1      | 0 ||| qw: Lair rune preference: random
     0 | D:1      | 0 ||| qw: Goals: Normal
     0 | D:1      | 0 ||| PLANNING D:1-11
   134 | D:1      | Found a faded altar of an unknown god.
   156 | D:1      | Reached XP level 2. HP: 23/23 MP: 0/0
   347 | D:1      | Reached skill level 4 in Ranged Weapons
   347 | D:1      | Reached XP level 3. HP: 28/28 MP: 0/0
   347 | D:1      | Learned a level 1 spell: Sandblast
   909 | D:1      | 909 ||| UPGRADING to ring of see invisible.
   910 | D:1      | 910 ||| READING scroll labelled OCOZAB TICH.
   914 | D:1      | 914 ||| READING scroll labelled TEYRUEP ZIRGHYU.
   915 | D:1      | 915 ||| DROPPING scroll of butterflies.
  1064 | D:2      | Identified the +0 ring mail "Joge" {rF+ Regen+}
  1261 | D:2      | Noticed Natasha
  1266 | D:2      | Killed Natasha
  1267 | D:2      | Reached skill level 3 in Fighting
  1267 | D:2      | Reached XP level 4. HP: 33/35 MP: 0/0
  1589 | D:2      | Reached XP level 5. HP: 39/40 MP: 0/0
  1589 | D:2      | Learned a level 2 spell: Blink
  1773 | D:2      | Found a runed translucent door.
  1774 | D:2      | Noticed Crazy Yiuf
  1833 | D:2      | Reached skill level 3 in Dodging
  1972 | D:2      | 1972 ||| UPGRADING to +0 ring mail "Joge" {rF+ Regen+}.
  1982 | D:2      | 1982 ||| DROPPING +0 leather armour.
  1983 | D:2      | 1983 ||| READING scroll labelled BON YPLAIL.
  1984 | D:2      | 1984 ||| READING scroll labelled DUV VO AVI.
  1984 | D:2      | 1984 ||| IDENTIFYING murky black potion
  1985 | D:2      | 1985 ||| READING scroll labelled OFUTOD UTEMN.
  2116 | D:3      | 2116 ||| STAIRDANCE
  2185 | D:3      | Noticed Jessica
  2197 | D:3      | Killed Jessica
  2198 | D:3      | Reached skill level 1 in Armour
  2330 | D:3      | Noticed Pargi
  2342 | D:3      | HP: 9/40 [Pargi (3)]
  2343 | D:3      | 2343 ||| READING scroll of teleportation.
  2413 | D:3      | Reached XP level 6. HP: 32/46 MP: 0/0
  2605 | D:3      | Noticed Ijyb
  2608 | D:3      | 2608 ||| DRINKING 3 potions of curing.
  2608 | D:3      | 2608 ||| (to cure confusion)
  2613 | D:3      | 2613 ||| DRINKING 2 potions of curing.
  2613 | D:3      | 2613 ||| (to cure confusion)
  2624 | D:3      | Killed Ijyb
  2625 | D:3      | Reached skill level 5 in Ranged Weapons
  2675 | D:3      | Killed Pargi
  2676 | D:3      | Reached XP level 7. HP: 26/53 MP: 0/0
  2676 | D:3      | Learned a level 2 spell: Searing Ray
  3029 | D:3      | 3029 ||| DROPPING +0 leather armour of fire resistance.
  3030 | D:3      | 3030 ||| READING scroll labelled KAATER QAIL.
  3031 | D:3      | 3031 ||| DRINKING 3 metallic black potions.
  3032 | D:3      | 3032 ||| DRINKING 2 sedimented puce potions.
  3033 | D:3      | 3033 ||| DRINKING 2 golden potions.
  3034 | D:3      | 3034 ||| DROPPING potion of brilliance.
  3045 | D:4      | 3045 ||| STAIRDANCE
  3129 | D:4      | HP: 13/53 [orc/+0 trident (6)]
  3130 | D:4      | 3130 ||| DRINKING 2 potions of heal wounds.
  3134 | D:4      | 3134 ||| DRINKING potion of heal wounds.
  3135 | D:4      | HP: 9/53 [orc warrior/+0 mace (8)]
  3137 | D:4      | HP: 1/53 [orc warrior/+0 mace (10)]
  3138 | D:4      | Slain by an orc wizard

Levels and vault maps discovered:
D:1:      scummos_arrival_forest, layout_basic, serial_forest,
          infiniplex_forest_split, infiniplex_forest_clump_large,
          infiniplex_forest_end_2, infiniplex_forest_lined_2,
          shapermc_ecumenical_altar_venn
D:2:      layout_loops_corners, minmay_tetromino_l4, uniq_crazy_yiuf_cottage,
          uniq_natasha
D:3:      layout_loops_ring, minivault_14, dk_vineyard_1, reono_crystal_passage,
          uniq_pargi, uniq_jessica, uniq_ijyb
D:4:      layout_basic, grunt_ministairs_3, nicolae_zig_zag_zippers

Skill      XL: |  1  2  3  4  5  6 |
---------------+-------------------+-----
Ranged Weapons | 4 5 |  5.6
Fighting       | 3 4 |  4.3
Dodging        | 3 |  3.0
Armour         | 1 |  1.7
Stealth        | |  0.7

Action                     |  1- 3 |  4- 6 |  7- 9 || total
---------------------------+-------+-------+-------++-------
   Fire: Shortbow          |   115 |   171 |    64 ||   350
    Use: Scroll            |     2 |     4 |     1 ||     7
         Potion            |       |     2 |     5 ||     7
 Armour: Leather armour    |    25 |    12 |       ||    37
         Ring mail         |       |   105 |    39 ||   144
  Dodge: Dodged            |    26 |    70 |    30 ||   126

Table legend:
 A = Non-vault XP
 B = Vault XP
 C = Vault XP percentage of total XP
 D = Non-vault monster count
 E = Vault monster count
 F = Vault count percentage of total count
                 A         B        C        D         E       F
            +---------+---------+-------+---------+---------+-------
      Total |     474 |     256 |  35.1 |      77 |       7 |   8.3
            +---------+---------+-------+---------+---------+-------
        D:1 |      38 |       0 |   0.0 |      23 |       0 |   0.0
        D:2 |      72 |      47 |  39.5 |      21 |       4 |  16.0
        D:3 |     209 |     209 |  50.0 |      27 |       3 |  10.0
        D:4 |     155 |       0 |   0.0 |       6 |       0 |   0.0
            +---------+---------+-------+---------+---------+-------
